 Dungeon Crawl Stone Soup version 0.19-a0-1834-g6b7851e (webtiles) character file.

3782 George the Geomancer (level 9, -2/81 HPs)
             Began as a Deep Dwarf Earth Elementalist on Oct 8, 2016.
             Was a Follower of Makhleb.
             Slain by an ogre
             ... wielding a +0 giant spiked club
              (10 damage)
             ... on level 8 of the Dungeon.
             The game lasted 00:28:42 (8868 turns).

George the Geomancer (DDEE)                         Turns: 8868, Time: 00:28:43

Health: -2/81      AC:  9    Str: 12    XL:     9   Next: 95%
Magic:  0/15       EV: 16    Int: 19    God:    Makhleb [*.....]
Gold:   436        SH:  0    Dex: 16    Spells: 2 memorised, 12 levels left

rFire  . . .     SeeInvis .     J - +10 morningstar "Qotercho" {crush, rC+++}
rCold  + + +     Gourm    .     w - +3 leather armour {MR+}
rNeg   . . .     Faith    .     (no shield)
rPois  +         Spirit   .     (no helmet)
rElec  .         Dismiss  .     E - +0 cloak
rCorr  .         Reflect  .     p - +0 pair of gloves
MR     ++...     Harm     .     (no boots)
Stlth  ++........               (no amulet)
                                G - ring of poison resistance
                                o - +3 ring of dexterity

@: non-regenerating
A: damage resistance, recharge devices, sense surroundings 2, slow regeneration
3
a: Device Recharging, Renounce Religion


You were on level 8 of the Dungeon.
You worshipped Makhleb.
Makhleb was aware of your devotion.
You were not hungry.

You visited 2 branches of the dungeon, and saw 9 of its levels.

You collected 436 gold pieces.

Inventory:

Hand Weapons
 J - the +10 morningstar "Qotercho" (weapon) {crush, rC+++}
   (You found it on level 7 of the Dungeon)

   It inflicts extra damage upon your enemies.
   It renders you almost immune to cold.
Missiles
 b - 57 stones (quivered)
Armour
 p - a +0 pair of gloves (worn)
 w - a +3 leather armour of magic resistance (worn)
 E - a +0 cloak (worn)
Jewellery
 o - a +3 ring of dexterity (left hand)
 G - a ring of poison resistance (right hand)
Wands
 d - a wand of heal wounds (4/9)
 v - a wand of iceblast (7/15)
 D - a wand of paralysis (11/24)
 K - a wand of heal wounds (6/9)
Scrolls
 a - 2 scrolls of fog
 i - 3 scrolls of immolation {unknown}
 j - 2 scrolls of remove curse
 q - 2 scrolls of teleportation {unknown}
 r - 2 scrolls of fear {unknown}
 s - 4 scrolls of magic mapping
 B - 2 scrolls of enchant weapon {unknown}
 C - 2 scrolls of amnesia {unknown}
 H - a scroll of noise {unknown}
Potions
 g - 8 potions of might
 h - 3 potions of invisibility
 m - a potion of magic
 n - 5 potions of curing
 u - 2 potions of haste
 A - 2 potions of cancellation
 F - a potion of brilliance
Books
 e - a book of Geomancy

   Spells                             Type                      Level
   a - Sandblast                      Earth                        1
   b - Passwall                       Transmutation/Earth          2
   c - Stone Arrow                    Conjuration/Earth            3
   d - Petrify                        Transmutation/Earth          4
   e - Lee's Rapid Deconstruction     Earth                        5
 y - a book of Necromancy

   Spells                             Type                      Level
   a - Pain                           Necromancy                   1
   b - Animate Skeleton               Necromancy                   1
   c - Vampiric Draining              Necromancy                   3
   d - Regeneration                   Charms/Necromancy            3
   e - Animate Dead                   Necromancy                   4
   f - Control Undead                 Necromancy                   4
Comestibles
 c - 2 royal jellies
 f - 4 bread rations
 k - a slice of pizza
 l - 2 fruits
 t - a beef jerky
 x - 3 chunks of flesh
 z - a meat ration


   Skills:
 + Level 5.4 Fighting
 + Level 6.0 Armour
 + Level 7.1 Dodging
 - Level 2.4 Stealth
 - Level 4.1 Spellcasting
   Level 0.8 Transmutations
 + Level 10.7 Earth Magic
 + Level 5.3 Invocations


You had 12 spell levels left.
You knew the following spells:

 Your Spells              Type           Power        Failure   Level  Hunger
a - Sandblast             Erth           #####.       1%          1    None
b - Stone Arrow           Conj/Erth      ###...       8%          3    ###....


Dungeon Overview and Level Annotations

Branches:
Dungeon (8/15)             Temple (1/1) D:6
   Lair: D:8-11

Altars:
Ashenzari
Cheibriados
Dithmenos
Elyvilon
Fedhas
Gozag
Kikubaaqudgha
Makhleb
Nemelex Xobeh
Okawaru
Ru
Sif Muna
Trog
Uskayaw
Vehumet
Xom
Yredelemnul
Zin
The Shining One

Shops:
D:4 [*[[


Innate Abilities, Weirdness & Mutations

You are resistant to damage.
You can recharge devices by infusing magical energy.
You passively map the area around you.
You do not regenerate.


Message History

The howler monkey is almost dead.
The howler monkey closely misses you. The howler monkey barely misses you.
You impale the howler monkey!!
You kill the howler monkey!
Makhleb accepts your kill.
Your Armour skill increases to level 6!
The ogre misses you.
A gnoll comes into view. It is wielding a spear.
Casting: Stone Arrow
Confirm with . or Enter, or press ? or * to list all spells.
Aiming: Stone Arrow
Press: ? - help, Shift-Dir - straight line, f - ogre
Aim: an ogre, wielding a giant spiked club The stone arrow hits the ogre.
The ogre is moderately wounded.
Your magical contamination has completely faded away.
You hit the ogre.
The ogre is heavily wounded.
The ogre hits you with a giant spiked club!
You die...

,, *,, , , ** #### * *
** , , , ## ... ,, ,,,
, , , . ..., , , , , ,
, #.#.. , *,* .#.## ,
,, *, > , ... ,,, , * ,
* *,#.#* *,... , ,, ,
,,* ,* #@# ..., ,, *
#O# .., , , #h# .# * ,
, * *,#.####.#### , , ,
, , #.......... ,, *
#g.....### * , ,
###.#...h.#### , * * *
* ..............####.##
, *
.....#.....#.........,,


You could see an ogre, a hound and a gnoll.

Vanquished Creatures
  Pikel (D:7)
  A troll (D:7)
  A hippogriff (D:7)
  Sigmund (D:3)
  Eustachio (D:4)
  Menkaure (D:4)
  A hungry ghost (D:7)
  Edmund (D:5)
  2 orc warriors
  An ice beast (D:8)
  A slave (D:7)
  A necrophage (D:7)
  3 phantoms
  3 ogres
  A centaur (D:7)
  A gnoll sergeant (D:7)
  A bullfrog (D:5)
  2 scorpions
  2 jellies
  2 wights (D:7)
  4 howler monkeys
  3 crimson imps
  A gnoll shaman (D:5)
  A hound (D:4)
  Crazy Yiuf (D:4)
  A bullfrog skeleton (D:6)
  3 orc wizards
  An iguana (D:5)
  3 worker ants
  A killer bee zombie (D:5)
  A hound skeleton (D:6)
  A worker ant zombie (D:5)
  A howler monkey zombie (D:4)
  10 adders
  9 gnolls
  2 shadow imps
  2 oozes
  5 worms
  2 dart slugs (D:1)
  2 leopard geckos
  28 orcs
  9 bats
  6 giant cockroaches
  4 hobgoblins
  8 jackals
  8 quokkas
  A ball python (D:3)
  6 frilled lizards
  4 goblins
  6 kobolds
  A leopard gecko zombie (D:6)
  A quokka skeleton (D:7)
  2 quokka zombies
  7 rats
173 creatures vanquished.

Vanquished Creatures (others)
  A centaur (D:7)
  An adder (D:7)
2 creatures vanquished.

Grand Total: 175 creatures vanquished

Notes
Turn   | Place    | Note
-------+----------+-------------------------------------------
     0 | D:1      | George the Deep Dwarf Earth Elementalist began the quest for the Orb.
     0 | D:1      | Reached XP level 1. HP: 15/15 MP: 3/3
   768 | D:1      | Reached XP level 2. HP: 16/22 MP: 0/5
  2149 | D:2      | Reached XP level 3. HP: 5/28 MP: 4/6
  2173 | D:2      | Reached skill level 5 in Earth Magic
  2275 | D:2      | Learned a level 3 spell: Stone Arrow
  2942 | D:2      | Reached XP level 4. HP: 6/36 MP: 5/8
  3453 | D:3      | Noticed a phantom
  3505 | D:3      | Killed a phantom
  3505 | D:3      | Reached skill level 6 in Earth Magic
  3505 | D:3      | Reached XP level 5. HP: 7/42 MP: 0/10
  3739 | D:3      | Found a hide-covered altar of Uskayaw.
  3753 | D:3      | Noticed Sigmund
  3761 | D:3      | Killed Sigmund
  3761 | D:3      | Reached skill level 7 in Earth Magic
  3761 | D:3      | Reached XP level 6. HP: 45/49 MP: 5/12
  4142 | D:3      | Found an ancient bone altar of Kikubaaqudgha.
  4143 | D:3      | Found a blossoming altar of Fedhas.
  4215 | D:4      | Noticed Eustachio
  4255 | D:4      | Killed Eustachio
  4255 | D:4      | Reached skill level 1 in Fighting
  4255 | D:4      | Reached XP level 7. HP: 49/57 MP: 0/13
  4449 | D:4      | Reached skill level 8 in Earth Magic
  4579 | D:4      | Reached skill level 1 in Armour
  4821 | D:4      | Found Ughiunec's Armour Shop.
  4824 | D:4      | Found Siusch's General Store.
  4825 | D:4      | Found Atiakk's Armour Shop.
  4830 | D:4      | Found Cesytuacha's Armour Shop.
  4916 | D:4      | Noticed Menkaure
  4923 | D:4      | Killed Menkaure
  5019 | D:4      | Found a runed door.
  5348 | D:4      | Noticed Crazy Yiuf
  5351 | D:4      | Killed Crazy Yiuf
  5426 | D:5      | Entered Level 5 of the Dungeon
  5511 | D:5      | Reached XP level 8. HP: 44/68 MP: 7/14
  5624 | D:5      | Noticed Edmund
  5634 | D:5      | Killed Edmund
  5860 | D:5      | Reached skill level 5 in Dodging
  6107 | D:5      | Found an opulent altar of Gozag.
  6354 | D:5      | Reached skill level 9 in Earth Magic
  6645 | D:6      | Found a staircase to the Ecumenical Temple.
  6653 | Temple   | Entered the Ecumenical Temple
  6681 | Temple   | Became a worshipper of Makhleb the Destroyer
  6927 | D:6      | Reached skill level 1 in Invocations
  7628 | D:6      | Found a snail-covered altar of Cheibriados.
  7674 | D:6      | Found a glowing golden altar of the Shining One.
  7674 | D:6      | Found a shattered altar of Ashenzari.
  7678 | D:6      | Gained mutation: You passively map the area around you. [Deep Dwarf growth]
  7678 | D:6      | Reached XP level 9. HP: 35/78 MP: 5/15
  7913 | D:7      | Noticed Pikel
  7925 | D:7      | Killed Pikel
  7925 | D:7      | Reached skill level 10 in Earth Magic
  7931 | D:7      | Got a slimy morningstar
  7932 | D:7      | Identified the +10 morningstar "Qotercho" {crush, rC+++} (You found it on level 7 of the Dungeon)
  8184 | D:7      | Reached * piety under Makhleb
  8188 | D:7      | Reached skill level 5 in Armour
  8376 | D:7      | Reached skill level 5 in Fighting
  8577 | D:7      | Noticed a troll
  8590 | D:7      | Killed a troll
  8590 | D:7      | Reached skill level 5 in Invocations
  8868 | D:8      | Slain by an ogre

Vault maps used:
D:1:      saegor_arrival_simple_d
D:3:      grunt_temple_overflow_growth_and_decay, lemuel_crystal_altar,
          uniq_sigmund
D:4:      first_bread, minmay_shop_grid_forest, hangedman_decor_lopped,
          uniq_eustachio, uniq_menkaure, uniq_crazy_yiuf_cottage
D:5:      kb_forest_paths, grunt_gozag_breadcrumbs, uniq_edmund
D:6:      minitemple
D:7:      uniq_pikel
D:8:      uniq_grum, uniq_erica, uniq_joseph, uniq_prince_ribbit1
Temple:   minmay_temple_bridge_abc

Skill      XL: |  1  2  3  4  5  6  7  8  9 |
---------------+----------------------------+-----
Spellcasting   | 2 3 4 |  4.1
Earth Magic    | 5 6 7 8 9 10 | 10.7
Fighting       | 1 2 4 5 |  5.4
Dodging        | 3 4 5 7 |  7.1
Armour         | 2 4 6 |  6.0
Invocations    | 2 5 |  5.3
Stealth        | |  2.4
Transmutations | |  0.8

Action                   |  1- 3 |  4- 6 |  7- 9 || total
-------------------------+-------+-------+-------++-------
Melee: Unarmed           |     5 |       |       ||     5
       Quarterstaff      |       |       |    24 ||    24
       Morningstar       |       |       |    56 ||    56
 Cast: Sandblast         |    74 |    56 |   124 ||   254
       Stone Arrow       |     5 |     4 |    52 ||    61
Evoke: Wand              |       |     1 |       ||     1
  Use: Scroll            |     5 |     1 |     6 ||    12
 Stab: Paralysed         |       |       |     2 ||     2
       Sleeping          |       |       |     1 ||     1
  Eat: Chunk             |     8 |     4 |    19 ||    31
Armor: Robe              |    18 |     2 |       ||    20
       Leather armour    |       |       |    22 ||    22
Dodge: Dodged            |    41 |    11 |    80 ||   132
